 Dungeon Crawl Stone Soup version 0.27-a0-124-g19cb506db8 (webtiles) character file.

Game seed: 8510546569498773994

6475 kae the Grappler (level 10, -6/100 HPs)
             Began as a Green Draconian Transmuter on Jan 26, 2021.
             Was a Priest of Qazlal.
             Mangled by an unseen horror (12 damage)
             ... on level 10 of the Dungeon.
             The game lasted 00:08:35 (12818 turns).

kae the Grappler (Green Draconian Transmuter)      Turns: 12818, Time: 00:08:35

Health: -6/100     AC:  6    Str: 15    XL:     10   Next: 68%
Magic:  25/27      EV: 12    Int: 14    God:    Qazlal [***...]
Gold:   507        SH:  4    Dex: 12    Spells: 12/20 levels left

rFire    x . .     SeeInvis .     - Unarmed
rCold    + + +     Faith    .   (shield currently unavailable)
rNeg     . . .     Spirit   .   (armour unavailable)
rPois    +         Reflect  .   (helmet currently unavailable)
rElec    .         Harm     .   (cloak currently unavailable)
rCorr    .         Rampage  .   (gloves currently unavailable)
Will     .....                  (boots currently unavailable)
Stlth    +.........             (no amulet)
HPRegen  0.26/turn              s - ring of magical power
MPRegen  0.20/turn              r - ring of protection from cold

@: ice-form
A: large, (breathe noxious fumes), unfitting armour, AC +7
a: End Transformation, Renounce Religion, Upheaval, Elemental Force


You were on level 10 of the Dungeon.
You worshipped Qazlal.
Qazlal was most pleased with you.
You were a creature of crystalline ice.
You visited 2 branches of the dungeon, and saw 11 of its levels.

You collected 537 gold pieces.
You spent 30 gold pieces at shops.

Inventory:

Jewellery
 h - an uncursed ring of fire
 q - a cursed amulet of the acrobat
 r - a ring of protection from cold (right front paw)
 s - a ring of magical power (left front paw)
Wands
 u - a wand of iceblast (21)
 w - a wand of acid (8)
 x - a wand of polymorph (5)
Scrolls
 c - 2 scrolls of remove curse
 d - a scroll of fog {unknown}
 j - 7 scrolls of teleportation
 l - 4 scrolls of enchant weapon
 v - 5 scrolls of identify
 y - a scroll of enchant armour
Potions
 a - 2 potions of heal wounds
 b - 2 potions of flight
 e - 2 potions of haste
 f - 3 potions of lignification
 g - 2 potions of mutation
 i - a potion of cancellation
 m - a potion of invisibility
 o - a potion of might
 p - 2 potions of curing
 t - 2 potions of brilliance


   Skills:
 + Level 6.5 Fighting
 + Level 5.8 Dodging
 * Level 9.3 Unarmed Combat
 + Level 5.6 Spellcasting
 + Level 6.3 Transmutations
 - Level 4.0 Ice Magic
 - Level 2.0 Poison Magic
 + Level 5.5 Invocations


You had 12 spell levels left.
You knew the following spells:

 Your Spells              Type           Power        Failure   Level
a - Beastly Appendage     Tmut           42%          1%          1
b - Spider Form           Tmut/Pois      7%           9%          3
c - Ice Form              Ice/Tmut       18%          19%         4

Your spell library contained the following spells:

 Spells                   Type           Power        Failure   Level
 Wereblood                Tmut           21%          1%          2
 Blade Hands              Tmut           10%          32%         5
 Petrify                  Tmut/Erth      12%          41%         4
 Confusing Touch          Hex            3%           45%         3
 Gell's Gravitas          Tloc           1%           45%         3
 Yara's Violent Unravell  Hex/Tmut       6%           77%         5
 Metabolic Englaciation   Hex/Ice        4%           90%         5


Dungeon Overview and Level Annotations

Branches:
Dungeon (10/15)            Temple (1/1) D:5
   Lair: D:8-11         Orc: D:9-12

Altars:
Ashenzari
Cheibriados
Dithmenos
Elyvilon
Fedhas
Gozag
Hepliaklqana
Kikubaaqudgha
Makhleb
Nemelex Xobeh
Okawaru
Qazlal
Ru
Sif Muna
Trog
Uskayaw
Vehumet
Wu Jian
Xom
Yredelemnul
Zin
The Shining One

Shops:
D:10 =

Annotations:
D:10 2 runed translucent doors


Innate Abilities, Weirdness & Mutations

((You can breathe blasts of noxious fumes.))
((Your lurid green scales are hard. (AC +7)))
You cannot fit into any form of body armour.
((Your system is resistant to poisons. (rPois)))
((You are cold-blooded and may be slowed by cold attacks.))


Message History

You closely miss something. Something hits you! Something hits you.
You swing at nothing.
Something hits you.
You swing at nothing.
Something hits you.
You punch something! You freeze something. Something hits you!
You swing at nothing.
Something hits you!
You barely miss something. Something hits you.
* * * LOW HITPOINT WARNING * * *
You block something's attack. Something hits you!
* * * LOW HITPOINT WARNING * * *
Something hits you.
* * * LOW HITPOINT WARNING * * *
There is an open door here.
Something hits you.
* * * LOW HITPOINT WARNING * * *
Something hits you!
* * * LOW HITPOINT WARNING * * *
Something is blocking the doorway!
Something completely misses you.
Something is blocking the doorway!
Something hits you!
You die...

### #......#
#.###......#
#####...#......#
#...#...#......#####
#...#...#......#...####
#...##..#......#...#...
#...##..#......#...#...
#...†#..#......#...#...
#..°.'Y.'......#...#...
##########......#...##..
#...............#...##..
#...............#.......
#...............#.......
#..)............#.......
######..........#...####
#...#....####'##...#
#...#....#.........#


There were no monsters in sight!

Vanquished Creatures
  A two-headed ogre (D:8)
  An unseen horror (D:10)
  Joseph (D:7)
  A troll (D:9)
  3 yaks (D:9)
  2 wyverns
  Menkaure (D:6)
  A water moccasin (D:9)
  Duvessa (D:6)
  4 orc warriors
  2 ice beasts
  7 ogres
  2 phantoms
  2 centaurs (D:9)
  7 bullfrogs
  2 wyvern skeletons (D:10)
  Dowan (D:6)
  3 scorpions
  10 killer bees
  A howler monkey (D:4)
  A bullfrog zombie (D:5)
  2 quasits (D:7)
  4 hounds
  A jelly (D:9)
  8 orc wizards
  2 orc priests (D:8)
  A bullfrog skeleton (D:7)
  2 iguanas (D:8)
  4 worker ants
  A howler monkey zombie (D:10)
  4 worker ant zombies
  11 gnolls
  5 adders
  2 white imps
  2 ufetubi
  5 worms
  6 leopard geckos
  35 orcs
  4 bat zombies (D:9)
  8 giant cockroaches
  4 goblins
  11 hobgoblins
  7 jackals
  5 kobolds
  4 quokkas
  3 bats
  3 frilled lizards
  A jackal skeleton (D:7)
  A quokka zombie (D:8)
  7 rats
  2 rat zombies (D:9)
209 creatures vanquished.

Notes
Turn   | Place    | Note
-------+----------+-------------------------------------------
     0 | D:1      | kae the Draconian Transmuter began the quest for the Orb.
     0 | D:1      | Reached XP level 1. HP: 16/16 MP: 3/3
   165 | D:1      | Reached XP level 2. HP: 20/23 MP: 3/5
   758 | D:2      | Reached XP level 3. HP: 28/28 MP: 4/6
  1105 | D:2      | Reached XP level 4. HP: 4/36 MP: 7/7
  1408 | D:2      | Noticed a bullfrog
  1417 | D:2      | Killed a bullfrog
  1418 | D:2      | Reached skill level 4 in Unarmed Combat
  1418 | D:2      | Reached XP level 5. HP: 21/41 MP: 6/8
  1442 | D:2      | Learned a level 3 spell: Spider Form
  2038 | D:3      | Learned a level 4 spell: Ice Form
  2308 | D:3      | Found a snail-covered altar of Cheibriados.
  3071 | D:4      | Reached XP level 6. HP: 41/50 MP: 3/10
  3269 | D:3      | Reached skill level 1 in Poison Magic
  3481 | D:4      | Reached skill level 1 in Ice Magic
  3933 | D:4      | Found a broken altar of Ashenzari.
  4304 | D:5      | Entered Level 5 of the Dungeon
  4440 | D:5      | Found a staircase to the Ecumenical Temple.
  4506 | Temple   | Entered the Ecumenical Temple
  4729 | Temple   | Became a worshipper of Qazlal Stormbringer
  5098 | D:5      | Reached skill level 5 in Unarmed Combat
  5173 | D:5      | Your scales start taking on a lurid green colour.
  5173 | D:5      | Reached XP level 7. HP: 53/57 MP: 8/11
  5173 | D:5      | Gained mutation: Your system is resistant to poisons.
                  | (rPois) [Green Draconian growth]
  5342 | D:6      | Noticed Menkaure
  5416 | D:6      | Killed Menkaure
  5484 | D:6      | Reached skill level 1 in Invocations
  5642 | D:6      | Noticed a wyvern
  5658 | D:6      | Killed a wyvern
  5892 | D:6      | Found a white marble altar of Elyvilon.
  6153 | D:6      | Reached XP level 8. HP: 63/66 MP: 9/13
  6310 | D:6      | Found a hide-covered altar of Uskayaw.
  6310 | D:6      | Found a sacrificial altar of Ru.
  6310 | D:6      | Noticed Duvessa
  6310 | D:6      | Noticed Dowan
  6325 | D:6      | Killed Duvessa
  6328 | D:6      | Killed Dowan
  6666 | D:7      | Reached skill level 6 in Unarmed Combat
  6741 | D:7      | Reached * piety under Qazlal
  7203 | D:7      | Noticed Joseph
  7222 | D:7      | Killed Joseph
  7493 | D:7      | HP: 3/67 [poisoned by an orc warrior]
  7521 | D:7      | Reached XP level 9. HP: 26/72 MP: 15/15
  7603 | D:7      | Reached skill level 7 in Unarmed Combat
  8896 | D:8      | Reached skill level 5 in Transmutations
  8905 | D:8      | Reached ** piety under Qazlal
  8906 | D:8      | Reached skill level 5 in Fighting
  9159 | D:8      | Noticed a two-headed ogre
  9181 | D:8      | Killed a two-headed ogre
  9348 | D:8      | Reached skill level 8 in Unarmed Combat
  9652 | D:8      | Reached skill level 5 in Dodging
 10111 | D:9      | Reached XP level 10. HP: 44/83 MP: 17/17
 10114 | D:9      | Reached skill level 5 in Spellcasting
 10767 | D:9      | Found an ancient bone altar of Kikubaaqudgha.
 10982 | D:9      | Reached *** piety under Qazlal
 11009 | D:9      | Reached skill level 5 in Invocations
 11569 | D:10     | Entered Level 10 of the Dungeon
 11603 | D:10     | Reached skill level 9 in Unarmed Combat
 11888 | D:10     | Found Dujexir's Jewellery Shoppe.
 12253 | D:10     | Killed an unseen horror
 12400 | D:10     | Bought a cursed amulet of inaccuracy for 30 gold pieces
 12496 | D:10     | Found a large runed translucent door.
 12501 | D:10     | Found a large runed translucent door.
 12502 | D:10     | Found the +7 mace of Variability {chain chaos}
 12502 | D:10     | Noticed a centaur warrior
 12816 | D:10     | HP: 5/100 [something (7)]
 12818 | D:10     | Mangled by an unseen horror

Illustrated notes

Levels and vault maps discovered:
D:1:      shiori_arrival_elements, layout_rooms, item_on_display_a
D:2:      minmay_diamond_boxcup, layout_loops_ring
D:3:      layout_loops_ring, cheibriados_altar_1
D:4:      layout_gridville, cheibrodos_ashenzari_chains
D:5:      layout_cave_pods, minmay_temple_entry_sparse_star
D:6:      layout_loops_cross, gammafunk_temple_overflow_pools, grunt_decor_cap,
          elyvilon_altar_5, uniq_menkaure, uniq_duvessa
D:7:      layout_basic, uniq_joseph
D:8:      layout_loops_cross
D:9:      layout_basic, lemuel_zombie_altar_kikubaaqudgha
D:10:     layout_gridville, serial_shops, nicolae_shop_window_shopping,
          minmay_hollow_rounded_squares
Temple:   dpeg_five_rooms_temple

Skill      XL: |  1  2  3  4  5  6  7  8  9 10 |
---------------+-------------------------------+-----
Dodging        | 2 3 4 5 |  5.8
Fighting       | 2 3 4 5 6 |  6.5
Unarmed Combat | 4 5 6 8 9 |  9.3
Transmutations | 3 4 5 6 |  6.3
Poison Magic   | 2 |  2.0
Ice Magic      | 1 2 3 4 |  4.0
Spellcasting   | 3 4 5 |  5.6
Invocations    | 1 3 4 5 |  5.5

Action                   |  1- 3 |  4- 6 |  7- 9 | 10-12 || total
-------------------------+-------+-------+-------+-------++-------
Melee: Unarmed           |    98 |   155 |   292 |   137 ||   682
       Kick              |    16 |    16 |       |       ||    32
       Headbutt          |    13 |    12 |       |       ||    25
       Tailslap          |    11 |     8 |    10 |     4 ||    33
       Punch             |     1 |     3 |     1 |       ||     5
 Cast: Beastly Appendage |    15 |    24 |       |       ||    39
       Spider Form       |       |     7 |    35 |    14 ||    56
       Ice Form          |       |       |     2 |     8 ||    10
 Abil: Breathe Noxious F |       |       |     9 |     1 ||    10
       End Transformatio |       |       |       |     1 ||     1
  Use: Scroll            |     2 |    12 |     6 |     2 ||    22
       Potion            |       |     1 |     5 |     1 ||     7
 Stab: Confused          |       |       |     6 |     2 ||     8
       Sleeping          |       |       |     1 |       ||     1
Armor: Skin              |    32 |    29 |    24 |    32 ||   117
Dodge: Dodged            |    56 |   118 |   221 |   107 ||   502
Block: Other             |       |       |    12 |    28 ||    40

Table legend: (Time is in decaauts)
 A = Elapsed time spent in this place.
 B = Non-inter-level travel time spent in this place.
 C = Inter-level travel time spent in this place.
 D = Time resting spent in this place.
 E = Time spent auto-exploring this place.
 F = Levels seen in this place.
 G = Mean time per level.
                   A        B        C        D        E       F      G
               +--------+--------+--------+--------+--------+-----+--------+
         Total |  12716 |  12414 |    302 |   1627 |   9157 |  11 | 1156.0 |
       Dungeon |  12443 |  12222 |    221 |   1627 |   8968 |  10 | 1244.3 |
        Temple |    272 |    192 |     80 |      0 |    189 |   1 |  272.0 |
               +--------+--------+--------+--------+--------+-----+--------+

Top non-repeatable levels by time:
     D:7: 1931 daAuts
     D:9: 1565 daAuts
     D:8: 1347 daAuts
     D:6: 1245 daAuts
    D:10: 1236 daAuts
     D:4: 1235 daAuts
     D:2: 1198 daAuts
     D:3: 1125 daAuts
     D:5: 828 daAuts
     D:1: 728 daAuts
  Temple: 272 daAuts
